 Dungeon Crawl Stone Soup version 0.28-a0-851-g8b9cc49659 (webtiles) character file.

Game seed: 8217751153639643258

23 Crownlay the Conjurer (level 2, -1/20 HPs)
             Began as a Draconian Conjurer on Nov 14, 2021.
             Slain by Terence (2 damage)
             ... on level 2 of the Dungeon.
             The game lasted 00:01:34 (1461 turns).

Crownlay the Conjurer (Draconian Conjurer)          Turns: 1461, Time: 00:01:35

Health: -1/20      AC:  4    Str:  9    XL:     2   Next: 72%
Magic:  4/5        EV: 12    Int: 18    God:
Gold:   8          SH:  0    Dex:  9    Spells: 3/6 levels left

rFire   . . .      SeeInvis .   d - +0 dagger
rCold   . . .      Faith    .   (no shield)
rNeg    . . .      Spirit   .   (armour unavailable)
rPois   .          Reflect  .   (helmet restricted)
rElec   .          Harm     .   (no cloak)
rCorr   .          Rampage  .   (no gloves)
Will    .....                   (no boots)
Stlth   ++........              (no amulet)
HPRegen 0.06/turn               (no ring)
MPRegen 0.09/turn               (no ring)

@: no status effects
A: AC +4, unfitting armour, cold-blooded
a: no special abilities


You were on level 2 of the Dungeon.
You visited 1 branch of the dungeon, and saw 2 of its levels.

You collected 8 gold pieces.

Inventory:

Hand Weapons
 d - a +0 dagger (weapon)
Scrolls
 a - a scroll of blinking {unknown}
 b - a scroll of immolation {unknown}
 c - a scroll of teleportation {unknown}
 e - a scroll of magic mapping {unknown}
 h - a scroll of identify {unknown}
Potions
 f - a potion of curing {unknown}
 g - a potion of heal wounds {unknown}


   Skills:
 - Level 1.7 Dodging
 - Level 1.7 Stealth
 * Level 2.8 Spellcasting
 + Level 4.2 Conjurations


You had 3 spell levels left.
You knew the following spells:

 Your Spells              Type           Power      Damage    Failure   Level
a - Magic Dart            Conj           68%        1d6       3%          1
b - Searing Ray           Conj           34%        2d5       4%          2

Your spell library contained the following spells:

 Spells                   Type           Power      Damage    Failure   Level
 Dazzling Flash           Conj/Hex       20%        N/A       21%         3
 Fulminant Prism          Conj/Hex       5%         3d7       56%         4
 Iskenderun's Mystic Bla  Conj/Tloc      10%        2d4       56%         4


Dungeon Overview and Level Annotations

Branches:
Dungeon (2/15)

Altars:

Annotations:
D:2 Terence


Innate Abilities, Weirdness & Mutations

Your plain brown scales are hard. (AC +4)
You cannot fit into any form of body armour.
You are cold-blooded and may be slowed by cold attacks.


Message History

You finish channelling your searing ray.
Terence hits you with a +0 hand axe.
You barely miss Terence.
Terence is heavily wounded.
Terence completely misses you.
You hit Terence but do no damage.
Terence is heavily wounded.
Terence barely misses you.
You hit Terence but do no damage.
Terence is heavily wounded.
Terence hits you with a +0 hand axe.
You barely miss Terence.
Terence is heavily wounded.
Terence barely misses you.
You hit Terence but do no damage.
Terence is heavily wounded.
Terence barely misses you.
You hit Terence but do no damage.
Your tail-slap misses Terence.
Terence is heavily wounded.
Terence hits you with a +0 hand axe!
Terence bares his teeth.
Terence hits you with a +0 hand axe.
Unknown command.
You completely miss Terence.
Terence is moderately wounded.
Terence hits you with a +0 hand axe.
* * * LOW HITPOINT WARNING * * *
You hit Terence but do no damage.
Terence is moderately wounded.
Terence hits you with a +0 hand axe.
* * * LOW HITPOINT WARNING * * *
You hit Terence but do no damage.
You tail-slap Terence, but do no damage.
Terence is moderately wounded.
Terence misses you.
Unknown command.
You hit Terence but do no damage.
Terence is moderately wounded.
Terence hits you with a +0 hand axe.
You die...

#......# #.# #.....?# #.#
#...@..###### #######.#
#...........# #.......#
.##...........# #.......#
......<.......# #.......#
###...........# #.......#
..............###.......########
########......#.@...............
#......#.#@.....#########
#......#.#............#
######.#.###.#.######.#
#.#.###.#.# #.#.....#.#
#.#######.# #.........#
###########


You could see Terence.

Vanquished Creatures
  A dart slug (D:1)
  A bat (D:2)
  5 endoplasms
  A giant cockroach (D:1)
  2 quokkas (D:2)
  6 ball pythons
  2 rats (D:1)
18 creatures vanquished.

Notes
Turn   | Place    | Note
-------+----------+-------------------------------------------
     0 | D:1      | Crownlay the Draconian Conjurer began the quest for the
                  | Orb.
     0 | D:1      | Reached XP level 1. HP: 14/14 MP: 3/3
   572 | D:1      | Reached XP level 2. HP: 20/20 MP: 0/5
  1147 | D:2      | Noticed Terence
  1218 | D:1      | Learned a level 2 spell: Searing Ray
  1459 | D:2      | HP: 1/20 [Terence (2)]
  1461 | D:2      | Slain by Terence

Illustrated notes

Levels and vault maps discovered:
D:1:      minmay_arrival_three_doors, layout_basic
D:2:      layout_basic, uniq_terence

Action                   || total
-------------------------++-------
Melee: Unarmed           ||     4
       Dagger            ||    10
       Tailslap          ||     1
 Cast: Magic Dart        ||    39
       Searing Ray       ||     1
Armor: Skin              ||     2
Dodge: Dodged            ||     9

Table legend: (Time is in decaauts)
 A = Elapsed time spent in this place.
 B = Non-inter-level travel time spent in this place.
 C = Inter-level travel time spent in this place.
 D = Time resting spent in this place.
 E = Time spent auto-exploring this place.
 F = Levels seen in this place.
 G = Mean time per level.
                   A        B        C        D        E       F      G
               +--------+--------+--------+--------+--------+-----+--------+
         Total |   1465 |   1381 |     84 |      0 |   1225 |   2 |  732.5 |
       Dungeon |   1465 |   1381 |     84 |      0 |   1225 |   2 |  732.5 |
               +--------+--------+--------+--------+--------+-----+--------+

Top non-repeatable levels by time:
     D:1: 1155 daAuts
     D:2: 310 daAuts
